 Dungeon Crawl Stone Soup version 0.21-a0-128-gf2b353c (webtiles) character file.

491 Gorglomux the Chopper (level 7, 0/96 HPs)
             Began as a Hill Orc Skald on July 16, 2017.
             Succumbed to a scorpion's poison
             ... on level 4 of the Dungeon.
             The game lasted 00:07:24 (4148 turns).

Gorglomux the Chopper (Hill Orc Skald)              Turns: 4148, Time: 00:07:24

Health: 0/96       AC: 23    Str: 16    XL:     7   Next: 14%
Magic:  5/9        EV:  2    Int: 13    God:
Gold:   198        SH:  0    Dex: 10    Spells: 8/9 levels left

rFire    . . .     SeeInvis .   a - +0 hand axe
rCold    . . .     Gourm    .   (no shield)
rNeg     + + +     Faith    .   (armour currently unavailable)
rPois    +         Spirit   .   (helmet currently unavailable)
rElec    .         Reflect  .   (cloak currently unavailable)
rCorr    .         Harm     .   (gloves currently unavailable)
MR       .....     NoTele   +   (boots currently unavailable)
Stlth    +.........             (no amulet)
HPRegen  0.26/turn              (no ring)
MPRegen  0.11/turn              (no ring)

@: lethally poisoned (0 -> -1), tree-form, berserk cooldown, very slightly
contaminated, slowed, invisible, very slow
A: no striking features
a: no special abilities


You were on level 4 of the Dungeon.
You were not hungry.
You were a tree.
You visited 1 branch of the dungeon, and saw 4 of its levels.

You collected 198 gold pieces.

Inventory:

Hand Weapons
 a - a +0 hand axe (weapon)
Missiles
 H - 3 javelins (quivered)
Armour
 g - a +0 ring mail (melded)
Wands
 E - a wand of enslavement (7/24)
Scrolls
 f - a scroll of random uselessness
 i - a scroll of fog {unknown}
 k - 2 scrolls of remove curse {unknown}
 m - a scroll of amnesia {unknown}
 o - a scroll of magic mapping {unknown}
 q - a scroll of enchant armour {unknown}
 r - a scroll of enchant weapon {unknown}
 s - a scroll of noise {unknown}
 J - a scroll of teleportation {unknown}
 R - 4 scrolls of identify
Potions
 h - a potion of agility
 n - a potion of berserk rage
 F - a potion of cancellation
 G - a potion of lignification
Books
 c - a book of Battle

   Spells                             Type                      Level
   a - Infusion                       Charms                       1
   b - Shroud of Golubria             Charms/Translocation         2
   c - Song of Slaying                Charms                       2
   d - Spectral Weapon                Hexes/Charms                 3
   e - Regeneration                   Charms/Necromancy            3
Comestibles
 d - a bread ration
 t - a royal jelly
 z - a meat ration


   Skills:
 + Level 6.6 Fighting
 + Level 7.2 Axes
 - Level 1.1 Armour
 - Level 1.5 Dodging
 - Level 1.5 Spellcasting
 - Level 2.6 Charms


You had 8 spell levels left.
You knew the following spells:

 Your Spells              Type           Power        Failure   Level  Hunger
a - Infusion              Chrm           #...         9%          1    ##.....


Dungeon Overview and Level Annotations

Branches:
Dungeon (4/15)
 Temple: D:4-7

Altars:
Trog


Message History

The tomahawk hits you but does no damage!
Unknown command!
It was a potion of invisibility!
You fade into invisibility!!! * * * don't die
* * * You feel sick!
The orc throws a tomahawk!
The tomahawk hits you but does no damage!
Butt are very lightly contaminated with residual magic!
Okay, then!
As you read the scroll labeled BUTT, it crumbles to butt!
It is a scroll of identify!
f - a butt of random uselessness; Butt - 4 scrolls of identify The orc throws a tomahawk!
The tomahawk hits you but does no damage!
You swing at nothing! * * * don't die
* * * You feel sick!
You open the orc like a pillowcase!
The orc is severely wounded! rip

#. .# #.........#.# #. .#
#.........#.# . #. .#
#.........#.## .##.#.##
#.##.........#..# .......
.............##.## ......#
######.##'####..# .....(# #.##)#
##.##
....(#############.##.#####..####
..#...........oo♣...(.......(....
###################.######.####
...............# .)....<.........
..............#..
..............#..#
####....#######.<# ###### ..#


You could see 2 orcs.

Vanquished Creatures
  A bullfrog (D:4)
  2 scorpions (D:4)
  A hound (D:4)
  Terence (D:3)
  2 iguanas (D:4)
  Natasha (thrice) (D:3)
  A hound zombie (D:4)
  4 adders
  An ooze (D:1)
  An adder skeleton (D:2)
  2 worms
  5 dart slugs
  A leopard gecko (D:3)
  5 orcs
  4 giant cockroaches
  6 goblins
  3 hobgoblins
  6 jackals
  3 quokkas
  8 bats
  6 frilled lizards
  3 kobolds
  A leopard gecko skeleton (D:4)
  9 rats
79 creatures vanquished.

Notes
Turn   | Place    | Note
-------+----------+-------------------------------------------
     0 | D:1      | Gorglomux the Hill Orc Skald began the quest for the Orb.
     0 | D:1      | Reached XP level 1. HP: 18/18 MP: 3/3
    54 | D:1      | Reached skill level 3 in Axes
   192 | D:1      | Reached XP level 2. HP: 24/25 MP: 4/4
   252 | D:1      | Reached skill level 3 in Fighting
   945 | D:1      | Reached XP level 3. HP: 28/31 MP: 5/5
   994 | D:2      | Reached skill level 4 in Axes
  1658 | D:2      | Reached XP level 4. HP: 36/40 MP: 6/6
  1819 | D:2      | Found a faded altar of an unknown god.
  2364 | D:3      | Noticed Terence
  2378 | D:3      | Killed Terence
  2622 | D:3      | Found a bloodstained altar of Trog.
  2659 | D:3      | Reached XP level 5. HP: 39/47 MP: 1/7
  2670 | D:3      | Reached skill level 5 in Axes
  3016 | D:3      | Noticed Natasha
  3026 | D:3      | Killed Natasha
  3032 | D:3      | Noticed Natasha
  3042 | D:3      | Killed Natasha
  3363 | D:3      | Noticed Natasha
  3377 | D:3      | Killed Natasha
  3644 | D:4      | Reached XP level 6. HP: 56/56 MP: 6/8
  3693 | D:4      | Reached skill level 6 in Axes
  4055 | D:4      | Reached skill level 6 in Fighting
  4131 | D:4      | HP: 2/57 [scorpion (3)]
  4137 | D:4      | Reached skill level 7 in Axes
  4137 | D:4      | Reached XP level 7. HP: 3/64 MP: 4/9
  4138 | D:4      | HP: 2/144 [poisoned by a scorpion]
  4143 | D:4      | HP: 1/144 [poisoned by a scorpion]
  4148 | D:4      | Succumbed to a scorpion's poison

Vault maps used:
D:1:      onia_arrival_pyramid
D:2:      chequers_ecumenical_altar_simple
D:3:      trog_book, uniq_natasha, uniq_terence
D:4:      minmay_temple_entry_grid, serial_shops, nicolae_shop_crystal,
          kennysheep_generic_room_5

Skill      XL: |  1  2  3  4  5  6 |
---------------+-------------------+-----
Axes           | 3 4 5 7 |  7.2
Fighting       | 3 4 5 6 |  6.6
Armour         | |  1.1
Dodging        | |  1.5
Spellcasting   | |  1.5
Charms         | |  2.6

Action                   |  1- 3 |  4- 6 |  7- 9 || total
-------------------------+-------+-------+-------++-------
Melee: Hand axe          |   105 |   213 |     4 ||   322
 Cast: Infusion          |     1 |    20 |       ||    21
  Use: Potion            |     1 |     3 |     1 ||     5
       Scroll            |       |       |     1 ||     1
  Eat: Chunk             |     2 |     9 |       ||    11
Armor: Ring mail         |    39 |    67 |       ||   106
       Skin              |       |     3 |     4 ||     7
Dodge: Dodged            |    82 |   113 |     1 ||   196
